 Dungeon Crawl Stone Soup version 0.30-a0-223-gcb0039aa0c (webtiles) character file.

Game seed: 2284948935849221453

113 qw the Cleaver (level 4, -1/28 HPs)
             Began as a Gargoyle Fighter on Oct 9, 2022.
             Slain by a jelly (3 damage)
             ... on level 3 of the Dungeon.
             The game lasted 00:00:44 (1965 turns).

qw the Cleaver (Gargoyle Fighter)                   Turns: 1965, Time: 00:00:44

Health: -1/28      AC:  4    Str: 21    XL:     4   Next: 96%
Magic:  4/4        EV:  7    Int:  9    God:
Gold:   143        SH:  4    Dex:  9    Spells: 3/3 levels left

rFire   . . .      SeeInvis .    Y - +0 war axe
rCold   . . .      Faith    .    c - +0 buckler
rNeg    + . .      Spirit   .    e - +0 chain mail
rPois   inf        Reflect  .    (no helmet)
rElec   +          Harm     .    (no cloak)
rCorr   .          Rampage  .    (no gloves)
Will    .....                    (no boots)
Stlth   ..........               (no amulet)
HPRegen 0.24/turn                (no ring)
MPRegen 0.09/turn                (no ring)

@: about to teleport, corroded
A: sickness immunity, AC +3, negative energy resistance 1, electricity
resistance, torment resistance 1, petrification resistance
a: no special abilities


You were on level 3 of the Dungeon.
You visited 1 branch of the dungeon, and saw 4 of its levels.

You collected 143 gold pieces.


Innate Abilities, Weirdness & Mutations

You are immune to sickness and miasma.
Your stone body is resilient. (AC +3)
You are immune to poison.
You resist negative energy. (rN+)
You are resistant to electric shocks. (rElec)
You are resistant to unholy torment.
You are immune to petrification.


   Skills:
 + Level 3.5 Fighting
 - Level 10.2 Axes
 - Level 3.2 Armour
 - Level 3.2 Shields


You had 3 spell levels left.
You didn't know any spells.
Your spell library was empty.

Inventory:

Hand Weapons
 f - a +0 whip
 Y - a +0 war axe (weapon)
Armour
 c - a +0 buckler (worn)
 e - a +0 chain mail (worn)
Scrolls
 k - a scroll of identify
Potions
 a - a potion of mutation
 b - a potion of haste
 d - a potion of might
 g - a potion of degeneration {unknown}
 h - a potion of lignification {unknown}
 j - a potion of cancellation

Dungeon Overview and Level Annotations

Branches:
Dungeon (4/15)
 Temple: D:4-7

Altars:

Shops:
D:1 [:*?


Message History

You start resting.
HP restored.
Done exploring.
(D) Dungeon
Where to? (* - list waypoints, Enter - D:4, ? - help)
What level of the Dungeon? (default 1, ? - help)
You climb downwards.
The giant cockroach barely misses you. The jelly hits you but does no damage.
The orc hits you but does no damage. You block the giant cockroach's attack.
There is a stone staircase leading up here.
1960 ||| STAIRDANCE The giant cockroach bites you but does no damage.
The orc hits you but does no damage. The jelly closely misses you.
The orc hits you but does no damage. You block the orc's attack.
You climb upwards.
There is a stone staircase leading down here.
You hit the jelly.
Your hands burn!
The jelly is moderately wounded.
You hit the orc. You slash the giant cockroach!
You kill the giant cockroach!
You hit the orc. You slash the orc!
You kill the orc!
The orc hits you but does no damage. The jelly hits you. The acid corrodes you!
You are splashed with acid!
The orc hits you but does no damage.
You hit the orc but do no damage.
The orc is severely wounded.
You hit the jelly. The acid corrodes you!
Your hands burn!
You closely miss the orc. The orc hits you with a +0 short sword.
The jelly hits you but does no damage. The orc hits you with a +0 short sword.
You barely miss the orc.
The orc is severely wounded.
You hit the jelly.
Your hands burn!
You hit the orc. The orc hits you with a +0 short sword.
You block the jelly's attack. The orc hits you but does no damage.
1965 ||| READING scroll of teleportation.
As you read the scroll of teleportation, it crumbles to dust.
You feel strangely unstable. The orc barely misses you. The jelly hits you.
You die...

......# #..##.....###.....##
......# #..##..........#####
......#########...............#
#
...................###..##.##.#
#
....###########.#..........##.#
###.## ##....#####..<...#
#..### #....####.....####
##...## #.J.##...).#....##
###..### ##.%@##....#####..##
##...###..o)o..#### ##..##
###...........# ##..#
#...........### ##.#
###..#.......## #.#
#....#...##..# #..
##.#..#.#.##..# ###
####.......#..#..#
.#...##.#####....####


You could see a jelly and 2 orcs.

Vanquished Creatures
  2 adders
  A worm (D:2)
  A dart slug (D:3)
  2 orcs (D:3)
  5 endoplasms
  4 giant cockroaches
  3 goblins (D:2)
  2 hobgoblins
  A quokka (D:3)
  3 ball pythons
  7 bats
  2 frilled lizards
  6 kobolds (D:1)
  5 rats
44 creatures vanquished.

Vanquished Creatures (others)
  A plant (D:1)
1 creature vanquished.

Grand Total: 45 creatures vanquished

Notes
Turn   | Place    | Note
-------+----------+-------------------------------------------
     0 | D:1      | qw the Gargoyle Fighter began the quest for the Orb.
     0 | D:1      | Reached XP level 1. HP: 14/14 MP: 1/1
     0 | D:1      | 0 ||| qw: Version: 0.2-a-17-g06abaee
     0 | D:1      | 0 ||| qw: Game counter: 2111
     0 | D:1      | 0 ||| qw: Always use a shield: true
     0 | D:1      | 0 ||| qw: God list: Okawaru
     0 | D:1      | 0 ||| qw: Allow faded altars: false
     0 | D:1      | 0 ||| qw: Do Orc after D:15 true
     0 | D:1      | 0 ||| qw: Do second Lair branch before Depths: true
     0 | D:1      | 0 ||| qw: Lair rune preference: random
     0 | D:1      | 0 ||| qw: Plans: Normal, Zot:1-4, God:TSO, Crypt, Tomb,
                  | Pan, Slime:5, Hells, Abyss, Orb
     0 | D:1      | 0 ||| PLANNING D:1-11
   109 | D:1      | Found Xucsaizi's Assorted Antiques.
   112 | D:1      | 112 ||| Stepping ~*~*~tactically~*~*~ (stealth).
   115 | D:1      | Reached skill level 2 in Axes
   137 | D:1      | 137 ||| SHOPLISTING glowing ring mail (196 gold, have 7).
   137 | D:1      | 137 ||| SHOPLISTING metallic silvery potion (25 gold, have
                  | 7).
   137 | D:1      | 137 ||| SHOPLISTING potion of might (112 gold, have 7).
   137 | D:1      | 137 ||| SHOPLISTING scroll labelled MAMIVO EGA (28 gold,
                  | have 7).
   137 | D:1      | 137 ||| SHOPLISTING scroll labelled OVUAXE MUZUWN (28 gold,
                  | have 7).
   137 | D:1      | 137 ||| SHOPLISTING scroll labelled ROXALYAPYA (28 gold,
                  | have 7).
   137 | D:1      | 137 ||| SHOPLISTING shiny ring mail (196 gold, have 7).
   137 | D:1      | 137 ||| SHOPLISTING slimy chain mail (266 gold, have 7).
   147 | D:1      | Reached XP level 2. HP: 19/19 MP: 2/2
   196 | D:1      | Found Legegausi's Armour Emporium.
   212 | D:1      | 212 ||| SHOPLISTING +0 pair of gloves of stealth (161 gold,
                  | have 30).
   292 | D:1      | Found Emmula Xama's Magic Scroll Shoppe.
   325 | D:1      | 325 ||| SHOPLISTING 2 scrolls of identify (56 gold, have
                  | 36).
   325 | D:1      | 325 ||| SHOPLISTING scroll of acquirement (728 gold, have
                  | 36).
   325 | D:1      | 325 ||| SHOPLISTING scroll of brand weapon (133 gold, have
                  | 36).
   325 | D:1      | 325 ||| SHOPLISTING scroll of enchant armour (105 gold,
                  | have 36).
   325 | D:1      | 325 ||| SHOPLISTING scroll of teleportation (42 gold, have
                  | 36).
   409 | D:1      | Found Itataext's Book Boutique.
   622 | D:1      | 622 ||| UPGRADING to +0 chain mail.
   632 | D:1      | 632 ||| DROPPING +0 scale mail.
   633 | D:1      | 633 ||| READING scroll labelled MAMIVO EGA.
   634 | D:1      | 634 ||| READING scroll labelled WUSTRI XOH TUAM.
   635 | D:1      | 635 ||| READING 2 scrolls labelled UBALOU DONYZO.
   672 | D:2      | Reached skill level 3 in Axes
   692 | D:2      | 692 ||| Stepping ~*~*~tactically~*~*~ (stealth).
   701 | D:2      | Reached XP level 3. HP: 18/23 MP: 3/3
  1375 | D:2      | 1375 ||| DROPPING orb of wrath.
  1376 | D:2      | 1376 ||| READING scroll labelled YZAELE SINYOKH.
  1377 | D:2      | 1377 ||| READING scroll labelled ROXALYAPYA.
  1381 | D:2      | 1381 ||| READING 2 scrolls of identify.
  1381 | D:2      | 1381 ||| IDENTIFYING murky brown potion
  1382 | D:2      | 1382 ||| DRINKING potion of experience.
  1382 | D:2      | Reached skill level 10 in Axes
  1382 | D:2      | Reached XP level 4. HP: 28/28 MP: 4/4
  1391 | D:3      | 1391 ||| STAIRDANCE
  1534 | D:3      | Found a faded altar of an unknown god.
  1714 | D:3      | 1714 ||| FLEEEEING.
  1718 | D:3      | 1718 ||| STAIRDANCE
  1738 | D:2      | 1738 ||| DRINKING 2 white potions.
  1739 | D:2      | 1739 ||| READING 3 scrolls of identify.
  1739 | D:2      | 1739 ||| IDENTIFYING fuming black potion
  1740 | D:2      | 1740 ||| READING 2 scrolls of identify.
  1740 | D:2      | 1740 ||| IDENTIFYING smoky black potion
  1743 | D:3      | 1743 ||| Stepping ~*~*~tactically~*~*~ (hiding).
  1947 | D:4      | 1947 ||| STAIRDANCE
  1960 | D:4      | 1960 ||| STAIRDANCE
  1964 | D:3      | HP: 4/28 [acid (5)]
  1964 | D:3      | HP: 1/28 [orc/+0 short sword (3)]
  1965 | D:3      | 1965 ||| READING scroll of teleportation.
  1965 | D:3      | Slain by a jelly

Levels and vault maps discovered:
D:1:      lemuel_arrival_tunnels, layout_rooms, serial_shops,
          nicolae_shop_hallway_stairs, shop, nicolae_shop_overgrown_old_shop,
          nicolae_square_shop
D:2:      layout_basic, serial_curves, eino_curves_03, eino_curves_01,
          minivault_11
D:3:      layout_rooms, shapermc_ecumenical_altar_ellora, hex_tiny
D:4:      layout_cave_pods, serial_shops, shop

Skill      XL: |  1  2  3 |
---------------+----------+-----
Axes           | 2 3 10 | 10.2
Fighting       | |  3.5
Armour         | |  3.2
Shields        | |  3.2

Action                   |  1- 3 |  4- 6 || total
-------------------------+-------+-------++-------
Melee: War axe           |    93 |    39 ||   132
  Use: Scroll            |     6 |     3 ||     9
       Potion            |     1 |     1 ||     2
Armor: Scale mail        |    21 |       ||    21
       Chain mail        |    38 |    27 ||    65
Dodge: Dodged            |    35 |    14 ||    49
Block: Buckler           |    11 |     8 ||    19

Table legend:
 A = Non-vault XP
 B = Vault XP
 C = Vault XP percentage of total XP
 D = Non-vault monster count
 E = Vault monster count
 F = Vault count percentage of total count
                 A         B        C        D         E       F
            +---------+---------+-------+---------+---------+-------
      Total |     100 |       0 |   0.0 |      44 |       0 |   0.0
            +---------+---------+-------+---------+---------+-------
        D:1 |      29 |       0 |   0.0 |      20 |       0 |   0.0
        D:2 |      39 |       0 |   0.0 |      14 |       0 |   0.0
        D:3 |      32 |       0 |   0.0 |      10 |       0 |   0.0
            +---------+---------+-------+---------+---------+-------
